 Dungeon Crawl Stone Soup version 0.27-a0-1046-g98bf31544f (webtiles) character file.

Game seed: 12379131682538649408

5 spiderkeys the Skirmisher (level 1, -11/20 HPs)
             Began as a Hill Orc Abyssal Knight on Apr 19, 2021.
             Was a Follower of Lugonu.
             Mangled by a bone dragon (15 damage)
             ... on level 1 of the Abyss.
             The game lasted 00:00:33 (140 turns).

spiderkeys the Skirmisher (Hill Orc Abyssal Knight)  Turns: 140, Time: 00:00:34

Health: -11/20     AC:  3    Str: 14    XL:     1   Next: 80%
Magic:  2/2        EV: 11    Int: 12    God:    Lugonu [*.....]
Gold:   0          SH:  0    Dex: 10    Spells: 0/0 levels left

rFire    . . .     SeeInvis .   a - +1 hand axe
rCold    . . .     Faith    .   (no shield)
rNeg     . . .     Spirit   .   b - +0 leather armour
rPois    .         Reflect  .   (no helmet)
rElec    .         Harm     .   (no cloak)
rCorr    .         Rampage  .   (no gloves)
Will     .....                  (no boots)
Stlth    +.........             (no amulet)
HPRegen  0.06/turn              (no ring)
MPRegen  0.08/turn              (no ring)

@: no status effects
A: no striking features
a: Renounce Religion, Depart the Abyss


You were on level 1 of the Abyss.
You worshipped Lugonu.
Lugonu was aware of your devotion.
You visited 0 branches of the dungeon, and saw 0 of its levels.
You visited the Abyss 1 time.


   Skills:
 + Level 3.7 Fighting
 + Level 2.8 Axes
 + Level 2.3 Armour
 + Level 0.9 Dodging
 + Level 2.6 Invocations


You couldn't memorise any spells.
You didn't know any spells.
Your spell library was empty.

Inventory:

Hand Weapons
 a - a +1 hand axe (weapon)
Armour
 b - a +0 leather armour (worn)

Dungeon Overview and Level Annotations

Branches:
Dungeon (0/15)

Altars:

### # ###.. ..
# #...###.. .#
#...#.
?##..#.##.#
#..#.....#
##D###.##...#
#.@..z#.# #.
##x.#.#..#....
#..##...#.## #
#X...###.##.#.#
≈..### #.###.#.
≈≈... .## ##.#
§*#.. # ###.
≈≈.# #... §.
##.#


You could see a bone dragon, a large abomination, a small abomination, a wight
and a lurking horror.


Message History

🤖 Initializing magus.rc ... ✅ Successfully initialized magus.rc [v1.9.10] Welcome, spiderkeys the Hill Orc Abyssal Knight.
The bosom of this dungeon contains the fabulous artefact, the Orb of Zot.
Lugonu says: Depart the Abyss and spread corruption, my servant! (use the ability menu to exit the Abyss) Press ? for a list of commands and other information.
Found a corrupted altar of Lugonu.
As you open the door, it creaks loudly!
There is an open door here.
You see here a +0 spear.
You open the door.
There is an open door here.
You open the door.
You are suddenly pulled into a different region of the Abyss!
An ufetubus comes into view.
The ufetubus shouts!
The ufetubus hits you.
The ufetubus hits you but does no damage. 😕 HP[-2]
You take 2 damage, and now have 17/19 hp.
You slash the ufetubus!
You kill the ufetubus! 😕 HP[+1]
You now have 20 max hp (+1). 😕 HP[+1]
A wight comes into view. It is wielding a +0 battleaxe. 😎 HP[+1]
Your hp is fully restored (20).
A small abomination comes into view.
A bone dragon comes into view.
You hit the bone dragon but do no damage.
The bone dragon bites you. The bone dragon misses you.
The bone dragon tramples you!
Ouch! That really hurt!
* * * LOW HITPOINT WARNING * * *
You hold your ground!
A lurking horror comes into view. 😱 HP[-16]
You take 16 damage, and now have 4/20 hp.
MASSIVE DAMAGE!! (PAUSE) Unknown command.
Unknown command.
Unknown command.
Unknown command.
Unknown command.
You hit the bone dragon but do no damage.
You hit the small abomination but do no damage.
The small abomination barely misses you.
The bone dragon barely misses you. The bone dragon claws you!
Ouch! That really hurt!
You die...

Action                   || total
-------------------------++-------
Melee: Hand axe          ||     3
Armor: Leather armour    ||     1
Dodge: Dodged            ||     3

Levels and vault maps discovered:
Abyss:1:  base: Temple, base: Temple, base:
Temple

Notes
Turn   | Place    | Note
-------+----------+-------------------------------------------
     0 | Abyss:1  | spiderkeys the Hill Orc Abyssal Knight began the quest for
                  | the Orb.
     0 | Abyss:1  | Reached XP level 1. HP: 19/19 MP: 2/2
     0 | Abyss:1  | magus.rc [v1.9.10]
   133 | Abyss:1  | Noticed a wight
   136 | Abyss:1  | Noticed a small abomination
   137 | Abyss:1  | Noticed a large abomination
   138 | Abyss:1  | Noticed a bone dragon
   139 | Abyss:1  | HP: 4/20 [bone dragon (14)]
   140 | Abyss:1  | Mangled by a bone dragon

Vanquished Creatures
  An ufetubus (Abyss:1)
1 creature vanquished.

Table legend:
 A = Non-vault XP
 B = Vault XP
 C = Vault XP percentage of total XP
 D = Non-vault monster count
 E = Vault monster count
 F = Vault count percentage of total count
                 A         B        C        D         E       F
            +---------+---------+-------+---------+---------+-------
      Total |       8 |       0 |   0.0 |       1 |       0 |   0.0
            +---------+---------+-------+---------+---------+-------
    Abyss:1 |       8 |       0 |   0.0 |       1 |       0 |   0.0
            +---------+---------+-------+---------+---------+-------

Illustrated notes

Table legend:
 A = Kills in this place as a percentage of kills in entire the game.
 B = Kills by you in this place as a percentage of kills by you in the entire game.
 C = Kills by friends in this place as a percentage of kills by friends in the entire game.
 D = Other kills in this place as a percentage of other kills in the entire game.
 E = Experience gained in this place as a percentage of experience gained in the entire game.
 F = Experience gained in this place divided by the number of levels of this place that you have seen.
                   A       B       C       D       E      F
               +-------+-------+-------+-------+-------+----------------------
         Total | 100.0 | 100.0 |   N/A |   N/A | 100.0 |   8.0
         Abyss | 100.0 | 100.0 |   N/A |   N/A | 100.0 |   8.0
               +-------+-------+-------+-------+-------+----------------------

Table legend: (Time is in decaauts)
 A = Elapsed time spent in this place.
 B = Non-inter-level travel time spent in this place.
 C = Inter-level travel time spent in this place.
 D = Time resting spent in this place.
 E = Time spent auto-exploring this place.
 F = Levels seen in this place.
 G = Mean time per level.
                   A        B        C        D        E       F      G
               +--------+--------+--------+--------+--------+-----+--------+
         Total |    140 |    140 |      0 |      0 |     39 |   1 |  140.0 |
         Abyss |    140 |    140 |      0 |      0 |     39 |   1 |  140.0 |
               +--------+--------+--------+--------+--------+-----+--------+

Top non-repeatable levels by time:
 Abyss:1: 140 daAuts
